 Dungeon Crawl Stone Soup version 0.29.1-12-g30fa7ad0bf (webtiles) character file.

Game seed: 18261264789265477964

42830 LustLizard the Covert (level 14, 0/86 HPs)
             Began as a Kobold Enchanter on Jan 7, 2023.
             Was the Champion of Uskayaw.
             Slain by a blink frog (13 damage)
             ... on level 5 of the Lair of Beasts.
             The game lasted 01:07:00 (25654 turns).

LustLizard the Covert (Kobold Enchanter)           Turns: 25654, Time: 01:07:01

Health: 0/86       AC: 11    Str:  8    XL:     14   Next: 57%
Magic:  2/22       EV: 17    Int: 13    God:    Uskayaw [******]
Gold:   1046       SH:  0    Dex: 17    Spells: 13/24 levels left

rFire   . . .      SeeInvis +   C - +4 dagger "Kobold's Curse" {vorpal, Drain +Blink rPois Int-4}
rCold   . . .      Faith    .   (no shield)
rNeg    . . .      Spirit   .   D - +2 ring mail {rPois}
rPois   +          Reflect  .   (no helmet)
rElec   .          Harm     .   O - +0 cloak
rCorr   .          Rampage  .   g - +0 pair of gloves
Will    +....                   r - +1 pair of boots
Stlth   ++++++....              q - amulet of the acrobat
HPRegen 0.24/turn               c - +4 ring of slaying
MPRegen 0.18/turn               P - ring of see invisible

@: very slightly contaminated
A: small, no large weapons, nightstalker 3
a: Renounce Religion, Evoke Blink, Stomp, Line Pass, Grand Finale


You were on level 5 of the Lair of Beasts.
You worshipped Uskayaw.
Uskayaw was aware of your devotion.
You visited 3 branches of the dungeon, and saw 19 of its levels.
You also visited: Ossuary.

You collected 1046 gold pieces.

Inventory:

Hand Weapons
 o - the +3 dagger "Veivot" {vamp, rF+ rN++ Int-5}
   (You found it on level 2 of the Dungeon)

   It occasionally heals its wielder for a portion of the damage dealt when it
   wounds a living foe.
   Int:       It affects your intelligence (-5).
   rF:        It protects you from fire.
   rN:        It greatly protects you from negative energy.
 C - the +4 dagger "Kobold's Curse" (weapon) {vorpal, Drain +Blink rPois Int-4}
   (You found it on level 13 of the Dungeon)

   It inflicts extra damage upon your enemies.
   Int:       It affects your intelligence (-4).
   rPois:     It protects you from poison.
   +Blink:    It lets you blink.
   Drain:     It drains your maximum health when unequipped.
Missiles
 e - 37 poisoned darts
 G - 3 curare-tipped darts
Armour
 d - a +2 robe of positive energy
 g - a +0 pair of gloves (worn)
 r - a +1 pair of boots (worn)
 D - a +2 ring mail of poison resistance (worn)
 E - a +0 leather armour of fire resistance
 O - a +0 cloak (worn)
Jewellery
 c - a +4 ring of slaying (left hand)
 i - an amulet of faith
 p - an amulet of magic regeneration
 q - an amulet of the acrobat (around neck)
 P - a ring of see invisible (right hand)
 Q - an amulet of regeneration
 S - a ring of flight
 U - a ring of fire
 V - a +4 ring of slaying
Wands
 B - a wand of light (5)
 I - a wand of polymorph (7)
 K - a wand of flame (29) (quivered)
 M - a wand of mindburst (3)
 W - a wand of iceblast (8)
Scrolls
 a - a scroll of enchant armour
 h - 2 scrolls of vulnerability
 k - a scroll of blinking
 n - a scroll of silence
 u - 2 scrolls of fog
 v - 2 scrolls of immolation
 w - 2 scrolls of brand weapon
 x - a scroll of amnesia
 y - a scroll of teleportation
 F - a scroll of magic mapping
 H - 2 scrolls of enchant weapon
 L - a scroll of identify
 N - 4 scrolls of poison
 T - 3 scrolls of summoning
Potions
 b - a potion of magic
 f - 2 potions of mutation
 j - 5 potions of ambrosia
 l - 6 potions of attraction
 m - 2 potions of flight
 s - 9 potions of curing
 t - 5 potions of might
 z - 4 potions of lignification
 A - 2 potions of haste
 J - 2 potions of brilliance
Miscellaneous
 R - a condenser vane


   Skills:
 - Level 9.4 Fighting
 - Level 10.0 Short Blades
 - Level 10.5 Dodging
 - Level 14.5 Stealth
 - Level 5.7 Spellcasting
 - Level 5.0 Conjurations
 - Level 9.0 Hexes
 * Level 3.2 Transmutations
 * Level 3.1 Fire Magic
 - Level 5.0 Air Magic
 * Level 6.0 Poison Magic
 + Level 8.9 Invocations
 - Level 6.0 Evocations


You had 13 spell levels left.
You knew the following spells:

 Your Spells              Type           Power      Damage    Failure   Level
a - Ensorcelled Hibernat  Hex/Ice        30%        N/A       13%         2
b - Tukima's Dance        Hex            27%        N/A       4%          3
c - Mephitic Cloud        Conj/Pois/Air  17%        N/A       19%         3
d - Ignite Poison         Fire/Tmut/Pois 14%        N/A       30%         3

Your spell library contained the following spells:

 Spells                   Type           Power      Damage    Failure   Level
 Confusing Touch          Hex            27%        N/A       4%          3
 Magic Dart               Conj           64%        1d6       7%          1
 Dazzling Flash           Conj/Hex       44%        N/A       9%          3
 Searing Ray              Conj           32%        2d5       11%         2
 Spider Form              Tmut/Pois      15%        N/A       24%         3
 Fulminant Prism          Conj/Hex       11%        3d9       30%         4
 Passwall                 Tmut/Erth      5%         N/A       38%         2
 Sandblast                Erth           6%         2d5       47%         1
 Stone Arrow              Conj/Erth      20%        3d8       50%         3
 Anguish                  Hex/Necr       7%         N/A       63%         4
 Leda's Liquefaction      Hex/Erth       7%         N/A       63%         4
 Iskenderun's Battlesphe  Conj           16%        2d7       88%         5
 Fireball                 Conj/Fire      7%         3d5       95%         5
 Freezing Cloud           Conj/Ice/Air   6%         6-21      98%         5
 Iron Shot                Conj/Erth      5%         9d2       100%        6
 Starburst                Conj/Fire      7%         6d4       100%        6
 Spellforged Servitor     Conj/Summ      5%         N/A       100%        7
 Borgnjor's Revivificati  Necr           1%         N/A       100%        8
 Ignition                 Fire           5%         3d4       100%        8
 Necromutation            Tmut/Necr      3%         N/A       100%        8
 Death's Door             Necr           1%         N/A       100%        9


Dungeon Overview and Level Annotations

Branches:
Dungeon (13/15)            Temple (1/1) D:6            Lair (5/5) D:8
  Swamp (0/4) Lair:3       Spider (0/4) Lair:2          Orc (0/2) D:12
Ossuary (visited)
  Slime: Lair:4-5    Vaults: D:13-14

Altars:
Ashenzari
Cheibriados
Dithmenos
Fedhas
Gozag
Hepliaklqana
Kikubaaqudgha
Makhleb
Nemelex Xobeh
Okawaru
Qazlal
Ru
Sif Muna
Trog
Uskayaw
Vehumet
Wu Jian
Xom
Yredelemnul
Zin
The Shining One

Shops:
D:6 =

Annotations:
D:9 2 transporters, ctx's ghost, journeyman GnEE
D:10 exclusion: 3 doors
D:13 Lodul; Nessos
Lair:1 3 runed translucent doors, exclusion: oklob plant
Lair:4 3 runed translucent doors, Radix's ghost, journeyman HOFi


Innate Abilities, Weirdness & Mutations

You are small and have problems with some larger weapons.
You are completely attuned to the shadows.


Message History

You hit the blink frog.
The blink frog is moderately wounded.
You don't have enough magic at the moment.
Unknown command.
You don't have enough magic at the moment.
Unknown command.
You hit the blink frog.
The blink frog is severely wounded.
The blink frog barely misses you. x2; The blink frog misses you.
You hit the blink frog.
The blink frog is almost dead.
The blink frog closely misses you. The blink frog completely misses you.
Okay, then.
Okay, then.
You hit the blink frog.
The blink frog is almost dead.
The blink frog hits you but does no damage.
You hit the blink frog.
You kill the blink frog!
The blink frog barely misses you. The blink frog hits you.
You miss the blink frog.
The blink frog is almost dead.
The blink frog hits you!
* * * LOW HITPOINT WARNING * * *
The blink frog blinks!
The blink frog closely misses you.
The blink frog hits you but does no damage.
You hit the blink frog.
You kill the blink frog!
You hit the blink frog.
The blink frog is lightly wounded.
The blink frog misses you.
You barely miss the blink frog.
The blink frog is lightly wounded.
The blink frog completely misses you.
You hit the blink frog.
The blink frog is moderately wounded.
The blink frog hits you!
* * * LOW HITPOINT WARNING * * *
You feel better. The blink frog hits you!
You die...

...........
.!...#.....#
........F##
♣......#.###
♣..†....?<#
♣†....P...#
#♣.#....#...#
♣♣♣F†####..PP..#
...§@# ##......
...F.# .##
...### ... ..


You could see 2 blink frogs.

Vanquished Creatures
  2 boulder beetles
  8 hydras
  Erica (D:7)
  2 centaur warriors (D:13)
  3 two-headed ogres
  A fire crab (Lair:3)
  4 cyclopes
  12 elephants
  2 manticores
  2 black mambas
  8 cane toads
  6 komodo dragons
  A demonic crawler (Lair:2)
  2 unseen horrors (D:12)
  2 tengu conjurers (D:13)
  A polar bear (shapeshifter) (D:12)
  3 trolls
  4 polar bears
  A hornet (D:8)
  7 blink frogs
  A shadow (D:10)
  6 wyverns
  3 wraiths
  45 yaks
  4 basilisks
  5 steam dragons
  7 vampire mosquitoes
  3 wargs (D:11)
  A swamp worm (Lair:3)
  5 water moccasins
  6 orc warriors
  3 ice beasts
  5 wolves
  5 black bears
  An ogre (D:13)
  9 centaurs
  A phantom (D:7)
  3 kobold brigands
  10 bullfrogs
  4 scorpions
  A necrophage (D:5)
  3 wights (D:7)
  24 killer bees
  An electric eel (D:11)
  2 howler monkeys (D:7)
  3 hounds
  A jelly (D:8)
  4 orc priests
  3 iguanas
  10 orc wizards
  A mummy (Ossuary)
  12 adders
  A shadow imp (D:6)
  An ufetubus (D:4)
  6 worms
  3 dart slugs
  34 orcs
  4 spectral bats (Ossuary)
  A bat simulacrum (Ossuary)
  9 endoplasms
  5 giant cockroaches
  12 gnoll zombies (Ossuary)
  3 hobgoblins
  7 jackals
  3 quokkas
  8 ball pythons
  8 bats
  7 frilled lizards
  A goblin (D:1)
  4 goblin simulacra (Ossuary)
  6 goblin zombies (Ossuary)
  6 hobgoblin zombies (Ossuary)
  25 kobolds
  3 kobold simulacra (Ossuary)
  2 kobold zombies (Ossuary)
  4 orc zombies (Ossuary)
  8 rats
  2 rat simulacra (Ossuary)
  2 spectral goblins (Ossuary)
  2 spectral kobolds (Ossuary)
  2 spectral rats (Ossuary)
443 creatures vanquished.

Vanquished Creatures (collateral kills)
  The ghost of Kazon the Carver, a journeyman VSFi of Makhleb (D:12)
  An orc wizard (D:4)
2 creatures vanquished.

Vanquished Creatures (others)
  A human (D:13)
  23 fungi
  31 plants
55 creatures vanquished.

Grand Total: 500 creatures vanquished

Notes
Turn   | Place    | Note
-------+----------+-------------------------------------------
     0 | D:1      | LustLizard the Kobold Enchanter began the quest for the
                  | Orb.
     0 | D:1      | Reached XP level 1. HP: 10/10 MP: 3/3
   238 | D:1      | Reached XP level 2. HP: 15/15 MP: 5/5
   282 | D:1      | Learned a level 2 spell: Ensorcelled Hibernation
   472 | D:1      | Reached XP level 3. HP: 19/19 MP: 6/6
  1078 | D:2      | Identified the +3 dagger "Veivot" {vamp, rF+ rN++ Int-5}
  1089 | D:2      | Learned a level 3 spell: Tukima's Dance
  1435 | D:2      | Reached XP level 4. HP: 24/24 MP: 7/7
  1561 | D:2      | Reached XP level 5. HP: 14/28 MP: 0/9
  1803 | D:2      | Found a faded altar of an unknown god.
  3055 | D:4      | Reached skill level 5 in Stealth
  3055 | D:4      | Reached XP level 6. HP: 32/32 MP: 10/10
  3222 | D:4      | Found a hazy altar of Hepliaklqana.
  4050 | D:4      | Noticed an ice beast
  4380 | D:5      | Entered Level 5 of the Dungeon
  4405 | D:5      | Reached skill level 5 in Short Blades
  4466 | D:5      | Reached skill level 5 in Hexes
  4466 | D:5      | Reached XP level 7. HP: 36/36 MP: 12/12
  4472 | D:5      | Found a sand-covered staircase.
  4590 | Ossuary  | Entered an ossuary
  5606 | D:6      | Reached skill level 6 in Stealth
  5606 | D:6      | Reached XP level 8. HP: 41/41 MP: 12/14
  5700 | D:6      | Found an ornate altar of the Wu Jian Council.
  5933 | D:6      | Found Fasixtuk's Jewellery Boutique.
  5969 | D:6      | Found a staircase to the Ecumenical Temple.
  5989 | Temple   | Entered the Ecumenical Temple
  7080 | D:6      | Found a glowing silver altar of Zin.
  7662 | D:7      | Found a bloodstained altar of Trog.
  7757 | D:7      | Reached skill level 7 in Stealth
  7889 | D:7      | Found a burning altar of Makhleb.
  7916 | D:7      | Reached XP level 9. HP: 34/45 MP: 16/16
  8087 | D:7      | Reached skill level 5 in Spellcasting
  8110 | D:7      | Noticed a cyclops
  8112 | D:7      | Noticed a cyclops
  8113 | D:7      | Killed a cyclops
  8116 | D:7      | Killed a cyclops
  8117 | D:7      | Reached skill level 8 in Stealth
  8508 | D:7      | Found a glowing golden altar of the Shining One.
  8511 | D:7      | Noticed an angel
  8522 | D:7      | Found a basalt altar of Yredelemnul.
  8525 | D:7      | Noticed a profane servitor
  8585 | D:7      | Reached XP level 10. HP: 50/50 MP: 9/18
  8708 | D:8      | Noticed an elephant
  8736 | D:8      | Found a shimmering altar of Xom.
  9385 | D:8      | Reached skill level 10 in Short Blades
  9385 | D:8      | Reached skill level 1 in Evocations
  9442 | D:8      | Noticed Erica
  9726 | D:8      | Reached skill level 1 in Fighting
 10493 | D:8      | Reached skill level 9 in Stealth
 11724 | D:9      | Reached skill level 5 in Dodging
 11724 | D:9      | Reached skill level 10 in Stealth
 11738 | D:9      | Reached XP level 11. HP: 61/61 MP: 0/19
 11917 | D:9      | Found a transporter.
 11918 | D:9      | Found a transporter.
 11918 | D:9      | Noticed ctx's ghost (journeyman GnEE)
 12180 | D:9      | Reached skill level 5 in Evocations
 12329 | D:9      | Reached skill level 5 in Fighting
 12394 | D:10     | Entered Level 10 of the Dungeon
 12694 | D:10     | Found a hide-covered altar of Uskayaw.
 12699 | D:10     | Became a worshipper of Uskayaw the Reveller
 12705 | D:10     | Reached * piety under Uskayaw
 12706 | D:10     | Reached skill level 11 in Stealth
 13015 | D:10     | Noticed a two-headed ogre
 13247 | D:10     | Reached ** piety under Uskayaw
 13252 | D:10     | Reached *** piety under Uskayaw
 13290 | D:10     | Killed a two-headed ogre
 13291 | D:10     | Reached skill level 1 in Invocations
 14283 | D:11     | Reached **** piety under Uskayaw
 14788 | D:11     | Noticed a manticore
 14792 | D:11     | Killed a manticore
 14824 | D:11     | Noticed a two-headed ogre
 14828 | D:11     | Killed a two-headed ogre
 14829 | D:11     | Reached skill level 12 in Stealth
 14829 | D:11     | Reached XP level 12. HP: 71/71 MP: 20/20
 14944 | D:11     | Reached ***** piety under Uskayaw
 14964 | D:11     | Reached ****** piety under Uskayaw
 16337 | D:12     | Noticed a two-headed ogre
 16345 | D:12     | Killed a two-headed ogre
 16346 | D:12     | Reached skill level 5 in Invocations
 16488 | D:12     | Found a staircase to the Orcish Mines.
 16490 | D:12     | Reached skill level 13 in Stealth
 16631 | D:12     | Found a runed translucent gate.
 16631 | D:12     | Found a runed translucent gate.
 16643 | D:12     | Found a runed translucent gate.
 16819 | D:12     | Noticed Kazon's ghost (journeyman VSFi)
 16828 | D:12     | Killed Kazon's ghost
 16895 | D:13     | Identified the +4 dagger "Kobold's Curse" {vorpal, Drain
                  | +Blink rPois Int-4}
 16950 | D:13     | Noticed Lodul
 16950 | D:13     | Noticed Nessos
 17472 | D:13     | Noticed a centaur warrior
 17476 | D:13     | Killed a centaur warrior
 17503 | D:13     | Got the Parchment of the Shark
 17602 | D:13     | Noticed a boulder beetle
 17606 | D:13     | Killed a boulder beetle
 17624 | D:13     | Noticed a centaur warrior
 17628 | D:13     | Killed a centaur warrior
 17629 | D:13     | Reached XP level 13. HP: 79/79 MP: 21/21
 17650 | D:13     | Noticed a boulder beetle
 17848 | D:7      | Killed Erica
 18025 | D:8      | Found a staircase to the Lair.
 18317 | Lair:1   | Entered Level 1 of the Lair of Beasts
 18385 | Lair:1   | Reached skill level 10 in Dodging
 18385 | Lair:1   | Reached skill level 14 in Stealth
 18732 | Lair:1   | Noticed a five-headed hydra
 18737 | Lair:1   | Killed a five-headed hydra
 18829 | Lair:1   | Noticed a six-headed hydra
 18850 | Lair:1   | Killed a six-headed hydra
 19036 | Lair:1   | Found a runed translucent gate.
 19037 | Lair:1   | Found a runed translucent gate.
 19038 | Lair:1   | Found a runed translucent gate.
 19758 | Lair:1   | Learned a level 3 spell: Mephitic Cloud
 19983 | Lair:2   | Reached skill level 1 in Conjurations
 19983 | Lair:2   | Reached skill level 1 in Air Magic
 19983 | Lair:2   | Reached skill level 1 in Poison Magic
 20423 | Lair:2   | Found a hole to the Spider Nest.
 20965 | Lair:2   | Identified the +0 robe of Utaih {Harm rC+ rCorr}
 21946 | Lair:3   | Noticed a six-headed hydra
 21950 | Lair:3   | Killed a six-headed hydra
 22135 | Lair:3   | Noticed a seven-headed hydra
 22291 | Lair:3   | Noticed a five-headed hydra
 22444 | Lair:3   | Noticed an eight-headed hydra
 22461 | Lair:3   | Killed an eight-headed hydra
 23095 | Lair:3   | Found a blossoming altar of Fedhas.
 23290 | Lair:3   | Reached XP level 14. HP: 86/86 MP: 22/22
 23824 | Lair:3   | Found a staircase to the Swamp.
 24034 | Lair:4   | Found a runed translucent gate.
 24034 | Lair:4   | Found a runed translucent gate.
 24034 | Lair:4   | Found a runed translucent gate.
 24138 | Lair:4   | Reached skill level 5 in Conjurations
 24138 | Lair:4   | Reached skill level 5 in Air Magic
 24138 | Lair:4   | Reached skill level 5 in Poison Magic
 24144 | Lair:4   | Learned a level 3 spell: Ignite Poison
 24279 | Lair:4   | Reached skill level 1 in Transmutations
 24279 | Lair:4   | Reached skill level 1 in Fire Magic
 24431 | Lair:4   | Noticed Radix's ghost (journeyman HOFi)
 24569 | Lair:4   | Noticed a minotaur
 25574 | Lair:5   | Entered Level 5 of the Lair of Beasts
 25654 | Lair:5   | Slain by a blink frog

Illustrated notes

Levels and vault maps discovered:
D:1:      beargit_arrival_greenhouse, layout_loops_cross
D:2:      minmay_alternating_diamond, layout_rooms,
          dilly_ecumenical_altar_fadedgnrine, grunt_decor_mini_mirrors
D:3:      layout_basic, minivault_4
D:4:      layout_basic, nicolae_hepliaklqana_hazy_memory, kennysheep_little_box
D:5:      layout_rooms, lightli_ossuary_entry_decrepit_ruins,
          nicolae_figureground_sparkle
D:6:      layout_basic, zin_academy, nicolae_wu_jian_immortal_techniques,
          temple_doors_e, serial_shops, kennysheep_mini
D:7:      layout_basic, marbit_many_paths, grunt_temple_overflow_holy_war,
          nicolae_overflow_crystal_walls, minmay_small_thing
D:8:      layout_basic, mainiacjoe_overflow_tiny_flanked, david_lair_generic,
          nicolae_titane, uniq_erica
D:9:      layout_roguey, gammafunk_ghost_hive, minmay_increasing_density
D:10:     layout_grid_maze, mainiacjoe_overflow_small_starburst
D:11:     layout_roguey, nooodl_orcs_dogs
D:12:     layout_rooms, david_orc_2, ebering_ghost_rock_garden
D:13:     minmay_crescents, layout_gridville, ximxim_vaults_locker_room,
          uniq_lodul, uniq_nessos
Temple:   minmay_temple_forest_path
Lair:1:   layout_cave_shapes, gammafunk_ghost_cemetery,
          minmay_lair_oklob_bushes, cheibrodos_lair_lostbears,
          serial_bayou_shore_b, infiniplex_staircase_pool
Lair:2:   layout_misc_corridors, nicolae_spider_entry_non_spiders
Lair:3:   layout_gridlike, palyth_hydra_swamp_entry, basic_altar, st_stairs_10,
          grunt_forest_stairs_basic, lemuel_fruit_tree
Lair:4:   layout_cellular_growth, maelrawn_ghost_gauntlet_escape,
          grunt_megastairs_1
Lair:5:   cheibrodos_lair_end_hotspot, layout_misc_corridors,
          minmay_slime_entry_oklob_enclosed, minmay_stone_trees_small

Skill      XL: |  1  2  3  4  5  6  7  8  9 10 11 12 13 14 |
---------------+-------------------------------------------+-----
Short Blades   | 2 3 4 5 6 7 9 10 | 10.0
Hexes          | 4 5 6 8 9 |  9.0
Spellcasting   | 3 4 5 |  5.7
Stealth        | 5 6 7 8 10 12 13 14 | 14.5
Evocations     | 4 6 |  6.0
Fighting       | 4 6 8 9 |  9.4
Dodging        | 5 7 9 10 | 10.5
Invocations    | 3 6 8 |  8.9
Conjurations   | 4 5 |  5.0
Air Magic      | 4 5 |  5.0
Poison Magic   | 4 6 |  6.0
Transmutations | 3 |  3.2
Fire Magic     | 3 |  3.1

Action                   |  1- 3 |  4- 6 |  7- 9 | 10-12 | 13-15 || total
-------------------------+-------+-------+-------+-------+-------++-------
Melee: Dagger            |    64 |   150 |   415 |   606 |   470 ||  1705
       Punch             |       |     2 |     4 |     8 |     7 ||    21
Throw: Dart              |       |       |     2 |     3 |     6 ||    11
 Cast: Ensorcelled Hiber |     1 |    16 |     9 |    91 |    54 ||   171
       Tukima's Dance    |       |     3 |     1 |    15 |     1 ||    20
Invok: Stomp             |       |       |       |     6 |    14 ||    20
       Line Pass         |       |       |       |     3 |     1 ||     4
 Abil: Evoke Blink       |       |       |       |       |     2 ||     2
Evoke: Wand              |       |       |     2 |       |    22 ||    24
  Use: Potion            |       |     2 |       |     5 |     5 ||    12
       Scroll            |       |     3 |     5 |    15 |    11 ||    34
 Stab: Sleeping          |    31 |    26 |    31 |    61 |    44 ||   193
       Invisible         |       |     1 |     3 |       |       ||     4
       Distracted        |       |     1 |     1 |     1 |     1 ||     4
       Paralysed         |       |       |       |    19 |    28 ||    47
       Confused          |       |       |       |     3 |       ||     3
Armor: Robe              |     4 |    27 |    50 |       |       ||    81
       Ring mail         |       |       |     8 |   108 |   104 ||   220
Dodge: Dodged            |    21 |   100 |   192 |   427 |   397 ||  1137
